AoeStats
← xu3u6vm0888

Arena

510371096Analyzed
4v4 RM · 2d ago on Sep 30, 2026· 34m 10s· 8 players
Game mode
Random Map
Map size
Large (8 player)
Population
200
Speed
Normal
Resources
Standard
Victory
Conquest
Starting age
Dark Age
Ending age
Imperial Age
RankedLock teamsTeams togetherTeam positionsShared explorationLock speedFull tech treeHidden civsTurbo modeCheats
Victory
Defeat
🇨🇿 Bulgarians · Czechia
1352
+13
🇩🇪 Japanese · Germany
1287
+16
🇳🇴 Cumans · Norway
1281
+16
🇩🇪 Cumans · Germany
1249
+17
🇨🇴 Varangians · Colombia
1322
-17
🇹🇼 Italians · Taiwan
1290
-16
1272
-15
1243
-14
Noob
10:02 Feudal Age
10:49 Double-Bit Axe
10:46 Horse Collar
16:28 Loom
17:53 Wheelbarrow
20:08 Castle Age
17:58 Town Watch
20:07 Scale Barding Armor
21:21 Bloodlines
21:33 Chain Barding Armor
21:46 Forging
22:06 Bow Saw
21:58 Heavy Plow
23:11 Capped Ram
27:39 Iron Casting
33:23 Imperial Age
31:13 Gold Mining
34:12 Hand Cart
33:37 Elite Steppe Lancer
34:53 Plate Barding Armor
35:20 Blast Furnace
34:44 Conscription
34:28 Steppe Husbandry
34:05 Siege Ram
maniak
10:27 Feudal Age
10:16 Loom
13:55 Castle Age
13:41 Double-Bit Axe
17:04 Fletching
17:36 Town Watch
21:55 Horse Collar
30:00 Imperial Age
28:32 Bow Saw
28:56 Bodkin Arrow
29:51 Gold Mining
31:08 Bracer
32:57 Siege Engineers
32:46 Capped Ram
33:11 Onager
Ace
9:12 Feudal Age
10:41 Wheelbarrow
9:58 Double-Bit Axe
10:41 Horse Collar
19:07 Castle Age
18:30 Loom
18:56 Scale Barding Armor
19:01 Forging
20:23 Chain Barding Armor
20:39 Iron Casting
20:27 Bow Saw
20:30 Heavy Plow
23:03 Bloodlines
31:55 Imperial Age
31:37 Fervor
31:58 Elite Steppe Lancer
33:19 Plate Barding Armor
34:09 Two-Man Saw
34:26 Blast Furnace
33:57 Conscription
34:39 Crop Rotation
Agent
11:27 Feudal Age
15:08 Castle Age
14:51 Double-Bit Axe
19:21 Wheelbarrow
21:26 Loom
26:44 Horse Collar
28:29 Scale Mail Armor
28:41 Forging
30:04 Bow Saw
30:41 Hand Cart
31:30 Heavy Plow
34:19 Imperial Age
33:49 Chain Mail Armor
jaimeerp
10:50 Feudal Age
14:30 Castle Age
12:29 Double-Bit Axe
12:27 Horse Collar
16:24 Bow Saw
16:52 Heavy Plow
18:06 Loom
23:14 Wheelbarrow
24:36 Hand Cart
24:22 Town Watch
26:45 Gold Mining
30:13 Imperial Age
27:06 Pikeman
28:11 Scale Mail Armor
28:22 Forging
28:04 Fletching
32:35 Imperial Age
31:10 Bodkin Arrow
xu3u6vm0888
11:42 Feudal Age
13:05 Double-Bit Axe
13:02 Horse Collar
15:53 Castle Age
16:59 Heavy Plow
17:11 Bow Saw
20:09 Gold Mining
23:48 Fletching
28:08 Loom
31:32 Imperial Age
31:32 Ballistics
34:06 Chemistry
タタールが村に入った5番
10:38 Feudal Age
14:39 Castle Age
13:24 Double-Bit Axe
15:22 Scale Barding Armor
14:43 Light Cavalry
18:54 Forging
西貢蘇tszxxx怒插慈雲山傻尻
11:41 Feudal Age
15:13 Castle Age
13:16 Double-Bit Axe
13:48 Stone Mining
14:21 Loom
16:38 Wheelbarrow
16:03 Fletching
17:35 Bodkin Arrow
Connection lost

Rejoining the realm…

Still unreachable

The connection could not be restored.

Session expired

The server has moved on; the page needs a fresh start.